 Dungeon Crawl Stone Soup version 0.28.0-43-g3370ac3207 (webtiles) character file.

Game seed: 13514344038214747225

114 jimonade the Cleaver (level 4, -7/34 HPs)
             Began as a Gnoll Wanderer on Mar 17, 2022.
             Mangled by a gnoll
             ... wielding a +0 spear
              (8 damage)
             ... on level 2 of the Dungeon.
             The game lasted 00:05:01 (1619 turns).

jimonade the Cleaver (Gnoll Wanderer)               Turns: 1619, Time: 00:05:01

Health: -7/34      AC:  6    Str: 11    XL:     4   Next: 98%
Magic:  5/5        EV:  9    Int:  9    God:
Gold:   90         SH:  0    Dex: 16    Spells: 5/5 levels left

rFire   . . .      SeeInvis .   n - +5 dagger (drain)
rCold   . . .      Faith    .   (no shield)
rNeg    . . .      Spirit   .   c - +0 scale mail
rPois   .          Reflect  .   (no helmet)
rElec   .          Harm     .   (no cloak)
rCorr   .          Rampage  .   (no gloves)
Will    .....                   (no boots)
Stlth   +.........              (no amulet)
HPRegen 0.11/turn               (no ring)
MPRegen 0.09/turn               (no ring)

@: no status effects
A: fangs 1, strong nose, distributed training
a: no special abilities


You were on level 2 of the Dungeon.
You visited 1 branch of the dungeon, and saw 2 of its levels.

You collected 90 gold pieces.

Inventory:

Hand Weapons
 a - a +2 hand axe
 b - a +0 short sword
 g - a +0 spear
 n - a +5 dagger of draining (weapon)
Missiles
 d - 24 stones (quivered)
 e - 2 silver javelins
 f - 34 bolts
 m - 17 sling bullets
Armour
 c - a +0 scale mail (worn)
Potions
 h - a potion of magic
 i - a potion of might {unknown}
 j - a potion of brilliance {unknown}
 l - a potion of curing {unknown}


   Skills:
 + Level 2.8 Fighting
 + Level 4.7 Short Blades
 + Level 1.3 Long Blades
 + Level 8.6 Axes
 + Level 1.3 Maces & Flails
 + Level 1.3 Polearms
 + Level 1.3 Staves
 + Level 1.3 Slings
 + Level 1.3 Bows
 + Level 1.3 Crossbows
 + Level 2.8 Throwing
 + Level 2.8 Armour
 + Level 1.3 Dodging
 + Level 1.3 Stealth
 + Level 1.3 Shields
 + Level 1.3 Unarmed Combat
 + Level 1.3 Spellcasting
 + Level 1.0 Conjurations
 + Level 1.0 Hexes
 + Level 1.0 Summonings
 + Level 1.0 Necromancy
 + Level 1.0 Translocations
 + Level 1.0 Transmutations
 + Level 1.0 Fire Magic
 + Level 1.0 Ice Magic
 + Level 1.0 Air Magic
 + Level 1.0 Earth Magic
 + Level 1.0 Poison Magic
 + Level 1.4 Invocations
 + Level 2.8 Evocations


You had 5 spell levels left.
You didn't know any spells.
Your spell library was empty.

Dungeon Overview and Level Annotations

Branches:
Dungeon (2/15)

Altars:
Trog

Shops:
D:1 (   D:2 *


Innate Abilities, Weirdness & Mutations

You have very sharp teeth.
Your uncanny sense of smell can sniff out nearby items.
Your experience applies equally to all skills.


Message History

The gnoll is moderately wounded.
The gnoll hits you with a +0 whip.
You hit the gnoll. You bite the gnoll, but do no damage.
The gnoll is heavily wounded.
The gnoll hits you with a +0 whip.
You hit the gnoll. You drain the gnoll.
The gnoll is almost dead.
The gnoll misses you.
You barely miss the gnoll.
The gnoll is almost dead.
You closely miss the gnoll.
The gnoll is almost dead.
The gnoll closely misses you.
You hit the gnoll.
You kill the gnoll!
Things that are here:
a +0 whip; a gnoll corpse You start resting.
HP restored.
There is a stone staircase leading down, spattered with blood here.
You climb downwards.
The gnoll hits you from afar with a +0 spear!
There is a stone staircase leading up, spattered with blood here.
The gnoll shouts!
The gnoll hits you from afar with a +1 halberd of protection!
The gnoll hits you with a +0 halberd!
* * * LOW HITPOINT WARNING * * *
The gnoll hits you with a +0 spear.
* * * LOW HITPOINT WARNING * * *
You hit the gnoll.
The gnoll is heavily wounded.
The gnoll hits you from afar with a +1 halberd of protection.
* * * LOW HITPOINT WARNING * * *
The gnoll barely misses you.
You barely miss the gnoll.
The gnoll is heavily wounded.
The gnoll hits you but does no damage. The gnoll completely misses you.
The gnoll hits you from afar with a +0 spear!
You die...

##################
.................#
..........<...##.###
._..#[........ggg..#
....#.........##.#.##########
....########.###@#.#.........
##.#########.# ###.#.#######.
#.##......#.#####.#.#######
##....####.#.#..............
............>#.###.#.#######
.................#.#.###
######...#.###.#.#.#...#
#...#.......#.###.#
#...#...#)###.....#


You could see 2 gnolls.

Vanquished Creatures
  Jessica (D:2)
  2 gnolls (D:1)
  2 adders (D:2)
  A worm (D:2)
  3 dart slugs
  6 endoplasms
  2 giant cockroaches
  5 goblins
  4 hobgoblins
  2 jackals (D:2)
  A quokka (D:1)
  2 ball pythons
  4 bats (D:1)
  3 frilled lizards
  3 kobolds
  A rat (D:1)
42 creatures vanquished.

Notes
Turn   | Place    | Note
-------+----------+-------------------------------------------
     0 | D:1      | jimonade the Gnoll Wanderer began the quest for the Orb.
     0 | D:1      | jimonade set off with the following items: a +2 hand axe, a
                  | +0 short sword, a +0 scale mail
     0 | D:1      | Reached XP level 1. HP: 17/17 MP: 1/1
    91 | D:1      | Reached XP level 2. HP: 23/23 MP: 2/2
   212 | D:1      | Found Unialit's Weapon Emporium.
   315 | D:1      | Reached XP level 3. HP: 11/28 MP: 3/3
   935 | D:2      | Reached skill level 1 in Invocations
   975 | D:2      | Found a bloodstained altar of Trog.
   982 | D:2      | Noticed Jessica
   988 | D:2      | Killed Jessica
   989 | D:2      | Reached skill level 1 in Long Blades
   989 | D:2      | Reached skill level 1 in Maces & Flails
   989 | D:2      | Reached skill level 1 in Polearms
   989 | D:2      | Reached skill level 1 in Staves
   989 | D:2      | Reached skill level 1 in Slings
   989 | D:2      | Reached skill level 1 in Bows
   989 | D:2      | Reached skill level 1 in Crossbows
   989 | D:2      | Reached skill level 1 in Dodging
   989 | D:2      | Reached skill level 1 in Stealth
   989 | D:2      | Reached skill level 1 in Shields
   989 | D:2      | Reached skill level 1 in Unarmed Combat
   989 | D:2      | Reached skill level 1 in Spellcasting
   989 | D:2      | Reached XP level 4. HP: 20/32 MP: 5/5
  1126 | D:2      | Found a faded altar of an unknown god.
  1208 | D:2      | Found Toyqegg's General Store.
  1298 | D:2      | Reached skill level 1 in Conjurations
  1298 | D:2      | Reached skill level 1 in Hexes
  1298 | D:2      | Reached skill level 1 in Summonings
  1298 | D:2      | Reached skill level 1 in Necromancy
  1298 | D:2      | Reached skill level 1 in Translocations
  1298 | D:2      | Reached skill level 1 in Transmutations
  1298 | D:2      | Reached skill level 1 in Fire Magic
  1298 | D:2      | Reached skill level 1 in Ice Magic
  1298 | D:2      | Reached skill level 1 in Air Magic
  1298 | D:2      | Reached skill level 1 in Earth Magic
  1298 | D:2      | Reached skill level 1 in Poison Magic
  1617 | D:2      | HP: 1/34 [gnoll/+1 halberd of protection (2)]
  1619 | D:2      | Mangled by a gnoll

Illustrated notes

Levels and vault maps discovered:
D:1:      co_arrival_random_square_maze, layout_rooms, serial_shops,
          nicolae_shop_bloodbath_and_beyond
D:2:      cheibrodos_pilgrimage, layout_basic, serial_shops, shop,
          chequers_ecumenical_altar_simple_redux, basic_altar, uniq_jessica

Skill      XL: |  1  2  3  4 |
---------------+-------------+-----
Invocations    | 1 |  1.4
Long Blades    | 1 |  1.3
Maces & Flails | 1 |  1.3
Polearms       | 1 |  1.3
Staves         | 1 |  1.3
Slings         | 1 |  1.3
Bows           | 1 |  1.3
Crossbows      | 1 |  1.3
Dodging        | 1 |  1.3
Stealth        | 1 |  1.3
Shields        | 1 |  1.3
Unarmed Combat | 1 |  1.3
Spellcasting   | 1 |  1.3
Conjurations   | 1 |  1.0
Hexes          | 1 |  1.0
Summonings     | 1 |  1.0
Necromancy     | 1 |  1.0
Translocations | 1 |  1.0
Transmutations | 1 |  1.0
Fire Magic     | 1 |  1.0
Ice Magic      | 1 |  1.0
Air Magic      | 1 |  1.0
Earth Magic    | 1 |  1.0
Poison Magic   | 1 |  1.0
Fighting       | |  2.8
Short Blades   | |  4.7
Axes           | |  8.6
Throwing       | |  2.8
Armour         | |  2.8
Evocations     | |  2.8

Action                   |  1- 3 |  4- 6 || total
-------------------------+-------+-------++-------
Melee: Hand axe          |    58 |       ||    58
       Bite              |     5 |     2 ||     7
       Dagger            |       |    36 ||    36
Throw: Stone             |       |     2 ||     2
  Use: Scroll            |       |     2 ||     2
Armor: Scale mail        |    26 |     8 ||    34
Dodge: Dodged            |    16 |    16 ||    32
